 Seeded DCSS version 0.29.1-14-g9c671dbff4 (webtiles) character file.

Game seed: 9529714651559989746 (custom seed)

3269 valliere the Ruffian (level 10, 0/65 HPs)
             Began as an Octopode Transmuter on Feb 19, 2023.
             Was a Believer of Cheibriados.
             Slain by a centaur (3 damage)
             ... on level 7 of the Dungeon.
             The game lasted 00:16:58 (7816 turns).

valliere the Ruffian (Octopode Transmuter)          Turns: 7816, Time: 00:16:59

Health: 0/65       AC:  3    Str: 19    XL:     10   Next: 0%
Magic:  17/17      EV: 20    Int: 21    God:    Cheibriados [**....]
Gold:   1123       SH: 13    Dex: 22    Spells: 10/18 levels left

rFire   . . .      SeeInvis +     - Unarmed
rCold   + . .      Faith    .   D - +3 warlock's mirror {reflect}
rNeg    . . .      Spirit   .   h - +2 hat {SInv}
rPois   +          Reflect  +   u - amulet of reflection
rElec   .          Harm     .   g - +4 ring of slaying
rCorr   .          Rampage  .   e - ring of poison resistance
Will    .....                   m - +4 ring of evasion
Stlth   +++++.....              n - ring "Qixzugij" {Ice Dex+5 Slay+3}
HPRegen 0.20/turn               F - ring of protection from fire
MPRegen 0.15/turn               (no ring)
                                (no ring)
                                (no ring)

@: very slow
A: almost no armour, amphibious, 8 rings, camouflage 1, gelatinous body 1,
(nimble swimmer 1), tentacles
a: Renounce Religion, Bend Time


You were on level 7 of the Dungeon.
You worshipped Cheibriados.
Cheibriados was pleased with you.
You visited 2 branches of the dungeon, and saw 8 of its levels.
You also visited: Ossuary.

You collected 1123 gold pieces.

Inventory:

Armour
 h - a +2 hat of see invisible (worn)
 D - the +3 warlock's mirror (worn) {reflect}
   (You acquired it on level 6 of the Dungeon)

   It can block and reflect piercing ranged attacks and magical attacks against
   the wielder's willpower.
Jewellery
 e - a ring of poison resistance (right tentacle)
 g - a +4 ring of slaying (left tentacle)
 m - a +4 ring of evasion (on tentacle)
 n - the ring "Qixzugij" (on tentacle) {Ice Dex+5 Slay+3}
   (You acquired it on level 2 of the Dungeon)

   [ring of ice]

   It enhances your ice magic.
   Dex:       It affects your dexterity (+5).
   Slay:      It affects your accuracy & damage with ranged weapons and melee
   (+3).
   rF:        It makes you vulnerable to fire.
   rC:        It protects you from cold.
 u - an amulet of reflection (around mantle)
 F - a ring of protection from fire (on tentacle)
Wands
 b - a wand of roots (7)
 y - a wand of polymorph (18)
 C - a wand of charming (21)
 G - a wand of quicksilver (13)
Scrolls
 f - 3 scrolls of fear {unknown}
 i - 5 scrolls of poison {unknown}
 j - 2 scrolls of noise {unknown}
 p - 4 scrolls of magic mapping
 q - 3 scrolls of immolation
 t - 3 scrolls of teleportation {unknown}
 v - a scroll of blinking {unknown}
 x - a scroll of vulnerability {unknown}
 B - 2 scrolls of identify
 E - a scroll of enchant armour {unknown}
Potions
 a - a potion of lignification
 c - 3 potions of degeneration
 d - a potion of invisibility {unknown}
 k - 2 potions of might {unknown}
 l - 4 potions of curing
 o - 3 potions of attraction
 r - 3 potions of flight {unknown}
 s - 3 potions of ambrosia {unknown}
 w - 2 potions of brilliance {unknown}
 z - a potion of mutation {unknown}
 A - a potion of heal wounds {unknown}


   Skills:
 + Level 4.6 Fighting
 + Level 5.1 Dodging
 + Level 6.2 Stealth
 + Level 1.5 Shields
 * Level 7.3 Unarmed Combat
 + Level 4.7 Spellcasting
 * Level 6.9 Transmutations
 + Level 1.6 Ice Magic
 + Level 2.0 Poison Magic


You had 10 spell levels left.
You knew the following spells:

 Your Spells              Type           Power      Damage    Failure   Level
a - Beastly Appendage     Tmut           66%        N/A       1%          1
b - Spider Form           Tmut/Pois      23%        N/A       7%          3
c - Ice Form              Ice/Tmut       34%        N/A       26%         4

Your spell library contained the following spells:

 Spells                   Type           Power      Damage    Failure   Level
 Wereblood                Tmut           33%        N/A       1%          2
 Sting                    Tmut/Pois      92%        1d7       2%          1
 Magic Dart               Conj           16%        1d3       14%         1
 Shock                    Conj/Air       16%        1d4       14%         1
 Poisonous Vapours        Pois/Air       18%        N/A       14%         2
 Searing Ray              Conj           8%         2d4       22%         2
 Swiftness                Air            4%         N/A       41%         3
 Olgreb's Toxic Radiance  Pois           13%        N/A       54%         4
 Airstrike                Air            2%         2d(1-17)  82%         4
 Fulminant Prism          Conj/Hex       2%         3d6       82%         4


Dungeon Overview and Level Annotations

Branches:
Dungeon (7/15)             Temple (1/1) D:4         Ossuary (visited)

Altars:
Ashenzari
Cheibriados
Dithmenos
Elyvilon
Fedhas
Gozag
Hepliaklqana
Kikubaaqudgha
Makhleb
Nemelex Xobeh
Okawaru
Ru
Sif Muna
Trog
Uskayaw
Vehumet
Wu Jian
Xom
Yredelemnul
Zin
The Shining One

Shops:
D:1 *

Annotations:
D:3 3 runed translucent doors, hawla's ghost, weakling MeIE


Innate Abilities, Weirdness & Mutations

You cannot wear most types of armour.
You are amphibious.
You can wear up to eight rings at the same time.
Your skin changes colour to match your surroundings (Stealth+).
Your rubbery body absorbs attacks. (AC +1, EV +1)
((You are camouflaged when in or above water. (Stealth+)))
You have tentacles for arms and can constrict up to eight enemies at once.


Message History

No target in view!
You are engulfed in a cloud of scalding steam.
You tentacle-slap the steam dragon.
The steam dragon is lightly wounded.
You are engulfed in a cloud of scalding steam.
The steam dragon barely misses you. You block the steam dragon's attack.
You tentacle-slap the steam dragon. You squeeze the steam dragon!
The steam dragon is heavily wounded.
You are engulfed in a cloud of scalding steam.
The steam dragon completely misses you. You block the steam dragon's attack.
You tentacle-slap the steam dragon. You squeeze the steam dragon.
The steam dragon is severely wounded.
You are engulfed in a cloud of scalding steam.
The steam dragon misses you. You block the steam dragon's attack.
An orc comes into view. It is wielding a +0 hand axe.
You tentacle-slap the steam dragon.
The steam dragon is almost dead.
The steam dragon breathes steam at you. The ball of steam hits you!
* * * LOW HITPOINT WARNING * * *
You tentacle-slap the steam dragon but do no damage.
The steam dragon is almost dead.
You are engulfed in a cloud of scalding steam.
The steam dragon completely misses you. You block the steam dragon's attack.
Really wriggle into that cloud of steam?
Okay, then.
Okay, then.
You tentacle-slap the steam dragon.
You kill the steam dragon!
Cheibriados appreciates the change of pace.
The centaur wields a +0 shortbow.
The centaur shoots an arrow.
The arrow hits you!
* * * LOW HITPOINT WARNING * * *
Your Poison Magic skill increases to level 2!
You have reached level 10!
You feel clever.
Okay, then.
The centaur unwields a +0 shortbow.
You block the centaur's attack. The centaur closely misses you.
The centaur hits you.
You die...

#.###..##
###################.###...#
........>................##
###################.#....#
##### #.#.#.## ....#
#.#.#.# ###.# #.#...#
###.## ########.#####
.....# #...c@.ยงยง# .....#
#.#####..# .....# #o.#
#....# #..# ###.## #..#
###.######. #..#
........... .>.#
.##.#####.. ...# ........


You could see a centaur.

Vanquished Creatures
  Pikel (D:6)
  Prince Ribbit (D:5)
  Sigmund (D:2)
  2 wraiths (Ossuary)
  3 steam dragons (D:7)
  Duvessa (D:4)
  A sky beast (D:7)
  A black bear (D:5)
  2 phantoms
  A centaur (D:7)
  A lemure (D:6)
  Blork the orc (D:6)
  3 kobold brigands
  A bullfrog (D:7)
  A scorpion (D:5)
  3 wights (Ossuary)
  Dowan (D:4)
  3 hounds (D:5)
  2 orc priests
  5 jellies
  An orc wizard (D:5)
  Natasha (thrice) (D:2)
  3 gnolls (D:6)
  10 adders
  A shadow imp (D:6)
  A white imp (D:6)
  An ufetubus (D:4)
  3 worms
  2 dart slugs (D:1)
  8 orcs
  7 bats
  5 endoplasms
  4 giant cockroaches
  5 goblins
  7 hobgoblins
  4 jackals (D:1)
  26 kobolds
  6 quokkas
  7 ball pythons
  2 ball python skeletons (Ossuary)
  4 frilled lizards
  2 kobold zombies (Ossuary)
  An orc skeleton (Ossuary)
  2 orc zombies (Ossuary)
  10 rats
160 creatures vanquished.

Notes
Turn   | Place    | Note
-------+----------+-------------------------------------------
     0 | D:1      | valliere the Octopode Transmuter began the quest for the
                  | Orb.
     0 | D:1      | Reached XP level 1. HP: 13/13 MP: 3/3
   199 | D:1      | Reached XP level 2. HP: 18/18 MP: 3/5
   978 | D:1      | Reached XP level 3. HP: 23/23 MP: 4/6
  1213 | D:1      | Identified 3 scrolls of acquirement
  1213 | D:1      | Acquired 714 gold pieces
  1215 | D:1      | Acquired a +2 hat of see invisible
  1217 | D:1      | Acquired a +4 ring of slaying
  1363 | D:1      | Found Balubi's Assorted Antiques.
  1610 | D:2      | Reached skill level 1 in Stealth
  1612 | D:2      | Reached XP level 4. HP: 23/28 MP: 5/7
  2004 | D:2      | Found a faded altar of an unknown god.
  2017 | D:2      | Noticed Natasha
  2024 | D:2      | Killed Natasha
  2033 | D:2      | Noticed Natasha
  2039 | D:2      | Killed Natasha
  2121 | D:2      | Acquired the ring "Qixzugij" {Ice Dex+5 Slay+3}
  2131 | D:2      | Reached XP level 5. HP: 34/34 MP: 6/8
  2191 | D:2      | Noticed Natasha
  2199 | D:2      | Killed Natasha
  2248 | D:2      | Noticed Sigmund
  2256 | D:2      | Killed Sigmund
  2257 | D:2      | Reached skill level 4 in Unarmed Combat
  2257 | D:2      | Reached XP level 6. HP: 40/40 MP: 7/10
  2755 | D:3      | Found a runed translucent gate.
  2755 | D:3      | Found a runed translucent gate.
  2756 | D:3      | Found a runed translucent gate.
  2760 | D:3      | Noticed hawla's ghost (weakling MeIE)
  2762 | D:3      | Identified the +4 mace of Wamoudyde {distort, rN+}
  2762 | D:3      | Identified the +2 scale mail "Ypug" {rF+ Stlth+}
  2982 | D:3      | Identified the +6 short sword "Ivotuko" {vorpal, *Noise rF+
                  | Int+2 SInv}
  3305 | D:4      | HP: 1/41 [orc/+0 flail (5)]
  3492 | D:4      | Learned a level 3 spell: Spider Form
  3673 | D:4      | Reached XP level 7. HP: 41/45 MP: 11/11
  3794 | D:4      | Noticed Duvessa
  3794 | D:4      | Noticed Dowan
  3806 | D:4      | Killed Duvessa
  3810 | D:4      | Killed Dowan
  3852 | D:4      | Found a staircase to the Ecumenical Temple.
  3860 | Temple   | Entered the Ecumenical Temple
  3963 | Temple   | Became a worshipper of Cheibriados the Contemplative
  4430 | D:5      | Entered Level 5 of the Dungeon
  4496 | D:5      | Found a sand-covered staircase.
  4501 | Ossuary  | Entered an ossuary
  4544 | Ossuary  | Reached skill level 5 in Unarmed Combat
  4620 | Ossuary  | Noticed a wraith
  4620 | Ossuary  | Noticed a flying skull
  4628 | Ossuary  | Noticed a flying skull
  4630 | Ossuary  | Noticed a flying skull
  4676 | Ossuary  | Learned a level 4 spell: Ice Form
  4696 | Ossuary  | Noticed a wraith
  4699 | Ossuary  | Killed a wraith
  4700 | Ossuary  | Reached XP level 8. HP: 52/52 MP: 5/13
  4726 | Ossuary  | Noticed a wraith
  4744 | Ossuary  | Killed a wraith
  5017 | Ossuary  | Noticed a flying skull
  5018 | Ossuary  | Noticed a flying skull
  5029 | Ossuary  | Reached skill level 5 in Transmutations
  5462 | D:5      | Reached * piety under Cheibriados
  5588 | D:5      | Noticed Prince Ribbit
  5596 | D:5      | Killed Prince Ribbit
  5597 | D:5      | Reached skill level 6 in Unarmed Combat
  5605 | D:5      | Reached skill level 5 in Stealth
  5669 | D:5      | Found a glowing silver altar of Zin.
  5670 | D:5      | Found a white marble altar of Elyvilon.
  5670 | D:5      | Found a hazy altar of Hepliaklqana.
  5672 | D:5      | Found an ancient bone altar of Kikubaaqudgha.
  5674 | D:5      | Found a shadowy altar of Dithmenos.
  5674 | D:5      | Found a blossoming altar of Fedhas.
  5675 | D:5      | Found a hide-covered altar of Uskayaw.
  5743 | D:5      | Reached XP level 9. HP: 51/58 MP: 8/15
  6241 | D:6      | Noticed Pikel
  6248 | D:6      | Killed Pikel
  6333 | D:6      | Acquired the +3 warlock's mirror {reflect}
  6333 | D:6      | Found the +3 warlock's mirror {reflect}
  6708 | D:6      | Noticed Blork the orc
  6715 | D:6      | Killed Blork the orc
  6861 | D:6      | Reached ** piety under Cheibriados
  7348 | D:7      | Reached skill level 1 in Poison Magic
  7390 | D:7      | Reached skill level 7 in Unarmed Combat
  7390 | D:7      | Reached skill level 1 in Ice Magic
  7458 | D:7      | Reached skill level 1 in Shields
  7467 | D:7      | Reached skill level 5 in Dodging
  7816 | D:7      | Reached XP level 10. HP: 3/65 MP: 17/17
  7816 | D:7      | Slain by a centaur

Illustrated notes

Levels and vault maps discovered:
D:1:      minmay_arrival_four_circles, layout_basic, serial_shops,
          nicolae_shop_trees, nicolae_eternal_life, st_stairs_1,
          minmay_small_reverse_x
D:2:      layout_rooms, hellmonk_ecumenical_altar_zigzags, serial_corexii_hall,
          chequers_hall_statues_y, corexii_hall_statues_l, uniq_natasha,
          uniq_sigmund
D:3:      layout_basic, biasface_ghost_orc_armoury
D:4:      layout_basic, minmay_temple_entry_arrows, uniq_duvessa
D:5:      layout_basic, grunt_temple_overflow_open, nicolae_ossuary_entry_plus,
          uniq_prince_ribbit1
D:6:      layout_basic, uniq_blork_the_orc, uniq_pikel
D:7:      layout_basic
Temple:   nicolae_temple_superstar

Skill      XL: |  1  2  3  4  5  6  7  8  9 |
---------------+----------------------------+-----
Stealth        | 1 2 3 5 6 |  6.2
Fighting       | 2 3 4 |  4.6
Transmutations | 3 4 5 6 |  6.9
Dodging        | 3 4 5 |  5.1
Unarmed Combat | 4 5 6 7 |  7.3
Spellcasting   | 3 4 |  4.7
Poison Magic   | 2 |  2.0
Ice Magic      | 1 |  1.6
Shields        | 1 |  1.5

Action                   |  1- 3 |  4- 6 |  7- 9 | 10-12 || total
-------------------------+-------+-------+-------+-------++-------
Melee: Unarmed           |    82 |    66 |   160 |       ||   308
       Tentacles         |    15 |    14 |    21 |       ||    50
       Constrict         |    23 |    18 |    17 |       ||    58
       Kick              |    12 |    11 |     4 |       ||    27
       Punch             |     1 |     4 |     2 |       ||     7
 Cast: Beastly Appendage |    15 |    19 |    10 |       ||    44
       Spider Form       |       |       |    11 |       ||    11
       Ice Form          |       |       |     2 |       ||     2
  Use: Scroll            |     3 |     1 |     6 |       ||    10
       Potion            |       |       |     1 |       ||     1
 Stab: Sleeping          |     3 |     7 |    19 |       ||    29
Armor: Skin              |    13 |     2 |     4 |       ||    19
Dodge: Dodged            |    60 |    28 |    98 |     1 ||   187
Block: Other             |       |     3 |    17 |       ||    20
       Buckler           |       |       |    26 |     1 ||    27
       Reflection        |       |       |     9 |       ||     9
